 Dungeon Crawl Stone Soup version 0.30-a0-509-gd016549fea (webtiles) character file.

Game seed: 8035895739150315481

46 Jase the Ruffian (level 3, -2/28 HPs)
             Began as a Draconian Transmuter on Dec 22, 2022.
             Slain by Terence
             ... wielding a +0 hand axe
              (8 damage)
             ... on level 2 of the Dungeon.
             The game lasted 00:02:20 (1115 turns).

Jase the Ruffian (Draconian Transmuter)             Turns: 1115, Time: 00:02:21

Health: -2/28      AC:  5    Str: 12    XL:     3   Next: 46%
Magic:  5/6        EV: 12    Int: 15    God:
Gold:   72         SH:  0    Dex: 11    Spells: 5/6 levels left

rFire   . . .      SeeInvis .      - Unarmed
rCold   . . .      Faith    .    (no shield)
rNeg    . . .      Spirit   .    (body armour unavailable)
rPois   .          Reflect  .    (helmet currently unavailable)
rElec   .          Harm     .    (no cloak)
rCorr   +          Rampage  .    (no gloves)
Will    .....                    (boots currently unavailable)
Stlth   +.........               (no amulet)
HPRegen 0.24/turn                b - ring of resist corrosion
MPRegen 0.10/turn                (no ring)

@: appendages
A: horns 2, talons 2, AC +5, unfitting armour, cold-blooded
a: End Transformation


You were on level 2 of the Dungeon.
You had temporarily grown beastly horns and talons.
You visited 1 branch of the dungeon, and saw 2 of its levels.

You collected 72 gold pieces.

Inventory:

Missiles
 j - 7 stones
Jewellery
 b - a ring of resist corrosion (left hand)
Scrolls
 c - 2 scrolls of fog {unknown}
 f - a scroll of silence {unknown}
 g - a scroll of fear {unknown}
 h - a scroll of teleportation {unknown}
 k - a scroll of brand weapon {unknown}
 l - a scroll of identify {unknown}
Potions
 a - 3 potions of lignification
 d - 2 potions of curing {unknown}
 e - a potion of attraction {unknown}
 i - a potion of might {unknown}
 m - a potion of brilliance {unknown}


   Skills:
 - Level 1.1 Fighting
 + Level 2.5 Dodging
 + Level 3.5 Unarmed Combat
 - Level 2.0 Spellcasting
 + Level 2.7 Transmutations


You had 5 spell levels left.
You knew the following spells:

 Your Spells              Type           Power      Damage    Failure   Level
a - Beastly Appendage     Tmut           18%        N/A       7%          1

Your spell library contained the following spells:

 Spells                   Type           Power      Damage    Failure   Level
 Wereblood                Tmut           9%         N/A       11%         2
 Spider Form              Tmut/Pois      5%         N/A       36%         3
 Ice Form                 Ice/Tmut       5%         N/A       77%         4


Dungeon Overview and Level Annotations

Branches:
Dungeon (2/15)

Altars:

Shops:
D:1 (

Annotations:
D:2 Terence


Innate Abilities, Weirdness & Mutations

You have temporarily grown beastly horns and talons.
Your plain brown scales are hard. (AC +5)
You cannot fit into any form of body armour.
You are cold-blooded and may be slowed by cold attacks.


Message History

You kill the goblin!
No target in view!
No target in view!
Things that are here:
a +0 club; a goblin corpse
c - 2 scrolls labelled FYSTAE VOSCHE (gained 1) Terence the Incautious comes into view.
He is wielding a +0 hand axe and wearing a +3 scale mail of cold resistance.
Terence shouts!
Terence hits you with a +0 hand axe!
Casting: Beastly Appendage (safe; 7% risk of failure)
Confirm with . or Enter, or press ? or * to list all spells.
You grow a pair of large bovine horns.
Your feet morph into talons.
Terence closely misses you.
You hit Terence but do no damage. Your kick misses Terence.
You headbutt Terence, but do no damage.
Your tail-slap misses Terence.
Terence hits you with a +0 hand axe!
You barely miss Terence.
Your tail-slap misses Terence.
Terence hits you with a +0 hand axe.
You hit Terence but do no damage. You claw Terence.
Terence is lightly wounded.
Terence closely misses you.
You barely miss Terence. Your headbutt misses Terence.
Your tail-slap misses Terence.
Your punch misses Terence.
Terence is lightly wounded.
Terence hits you with a +0 hand axe.
You hit Terence but do no damage.
Your tail-slap misses Terence.
Terence is lightly wounded.
Terence hits you with a +0 hand axe.
* * * LOW HITPOINT WARNING * * *
You barely miss Terence. Your headbutt misses Terence.
Terence is lightly wounded.
Terence barely misses you.
You hit Terence but do no damage.
Terence is lightly wounded.
Terence hits you with a +0 hand axe.
* * * LOW HITPOINT WARNING * * *
You hit Terence but do no damage.
Terence is lightly wounded.
Terence hits you with a +0 hand axe!
You die...

#.# #)# #.#.# #.#
#.# #.# #.#.#
#.#.# #.###.#
#.#.# #.#.#
......# #.#.#
#.#.#
#.########.#.#
#.#.#
...........#.# #.#
#.########## #.#
.......... #@#
#.######## #@#
#.##############.#
#................#
##################


You could see Terence.

Vanquished Creatures
  An adder (D:2)
  A worm (D:2)
  A dart slug (D:2)
  2 ball pythons (D:1)
  2 endoplasms
  2 giant cockroaches
  3 goblins
  4 hobgoblins
  3 jackals (D:1)
  2 quokkas (D:1)
  2 bats (D:1)
  4 frilled lizards (D:1)
  3 rats
30 creatures vanquished.

Notes
Turn   | Place    | Note
-------+----------+-------------------------------------------
     0 | D:1      | Jase the Draconian Transmuter began the quest for the Orb.
     0 | D:1      | Reached XP level 1. HP: 16/16 MP: 3/3
   128 | D:1      | Found Jotuel's Weapon Emporium.
   200 | D:1      | Reached XP level 2. HP: 23/23 MP: 5/5
   394 | D:1      | Found a faded altar of an unknown god.
   777 | D:2      | Reached XP level 3. HP: 19/28 MP: 4/6
  1104 | D:2      | Noticed Terence
  1115 | D:2      | Slain by Terence

Illustrated notes

Levels and vault maps discovered:
D:1:      nicolae_arrival_somewhat_less_tricky_arrival, layout_loops_ring,
          shapermc_ecumenical_altar_notcrosses, serial_shops,
          nicolae_shop_behind_doors
D:2:      layout_basic, uniq_terence, uniq_natasha

Skill      XL: |  1 |
---------------+----+-----
Dodging        | 2 |  2.5
Fighting       | |  1.1
Unarmed Combat | |  3.5
Spellcasting   | |  2.0
Transmutations | |  2.7

Action                   || total
-------------------------++-------
Melee: Unarmed           ||   117
       Tailslap          ||    13
       Headbutt          ||     2
       Kick              ||     1
 Cast: Beastly Appendage ||     2
Armor: Skin              ||    24
Dodge: Dodged            ||    66

Table legend: (Time is in decaauts)
 A = Elapsed time spent in this place.
 B = Non-inter-level travel time spent in this place.
 C = Inter-level travel time spent in this place.
 D = Time resting spent in this place.
 E = Time spent auto-exploring this place.
 F = Levels seen in this place.
 G = Mean time per level.
                   A        B        C        D        E       F      G
               +--------+--------+--------+--------+--------+-----+--------+
         Total |   1106 |   1064 |     42 |     37 |    816 |   2 |  553.0 |
       Dungeon |   1106 |   1064 |     42 |     37 |    816 |   2 |  553.0 |
               +--------+--------+--------+--------+--------+-----+--------+

Top non-repeatable levels by time:
     D:1: 759 daAuts
     D:2: 347 daAuts
